 Dungeon Crawl Stone Soup version 0.25-b1-39-g0d900dab71 (webtiles) character file.

Game seed: 10725896583257724817

4057 gruber the Fighter (level 10, -2/99 HPs)
             Began as a Demonspawn Chaos Knight on June 7, 2020.
             Was a Plaything of Xom.
             Slain by a wolf (6 damage)
             ... led by Grum
             ... on level 10 of the Dungeon.
             The game lasted 00:12:24 (9244 turns).

gruber the Fighter (Demonspawn Chaos Knight)        Turns: 9244, Time: 00:12:25

Health: -2/99      AC: 11    Str: 17    XL:     10   Next: 4%
Magic:  13/13      EV: 17    Int: 15    God:    Xom [......]
Gold:   804        SH:  0    Dex: 18    Spells: 8/13 levels left

rFire    + + .     SeeInvis .   a - +0 short sword (chaos)
rCold    + . .     Gourm    .   (no shield)
rNeg     . . .     Faith    .   b - +2 leather armour
rPois    .         Spirit   .   (helmet restricted)
rElec    .         Reflect  .   (no cloak)
rCorr    .         Harm     .   (no gloves)
MR       +....                  (no boots)
Stlth    +.........             (no amulet)
HPRegen  0.26/turn              y - +6 ring of dexterity
MPRegen  0.13/turn              x - ring of wizardry

@: no status effects
A: antennae 2, claws 1, talons 1, iridescent scales 3, clever 1, cold resistance
1, fire resistance 2, magic resistance 1, robust 2, spiny 1, evolution 2, rot
immunity
a: Renounce Religion


You were on level 10 of the Dungeon.
You worshipped Xom.
You were a very special plaything of Xom.
You were not hungry.

You visited 1 branch of the dungeon, and saw 10 of its levels.

You collected 804 gold pieces.

Inventory:

Hand Weapons
 a - a +0 short sword of chaos (weapon)
 m - a +2 vampiric dagger
Missiles
 s - 8 javelins (quivered)
Armour
 b - a +2 leather armour (worn)
 o - a +0 helmet
 t - a +0 ring mail of cold resistance
Jewellery
 k - a +6 ring of dexterity
 n - an uncursed ring of attention
 x - a ring of wizardry (right claw)
 y - a +6 ring of dexterity (left claw)
 F - an uncursed ring of see invisible
Wands
 q - a wand of digging (3)
 u - a wand of disintegration (21)
 v - a wand of acid (6)
 G - a wand of paralysis (12)
 J - a wand of iceblast (8)
Scrolls
 e - 2 scrolls of immolation {unknown}
 f - 3 scrolls of magic mapping {unknown}
 g - 2 scrolls of fear {unknown}
 h - 2 scrolls of teleportation {unknown}
 j - 4 scrolls of remove curse
 l - 6 scrolls of identify {unknown}
 r - 3 scrolls of amnesia {unknown}
 z - a scroll of random uselessness {unknown}
 C - 2 scrolls of noise
 I - a scroll of enchant armour {unknown}
Potions
 d - 2 potions of ambrosia
 i - 5 potions of haste {unknown}
 p - 2 potions of cancellation {unknown}
 w - 2 potions of stabbing {unknown}
 A - a potion of curing
 B - a potion of heal wounds {unknown}
 E - a potion of invisibility {unknown}
 H - a potion of flight {unknown}
Comestibles
 c - 12 rations
 D - a chunk of flesh


   Skills:
 - Level 9.0 Fighting
 - Level 4.3 Short Blades
 - Level 1.7 Armour
 - Level 7.0 Dodging
 * Level 2.1 Spellcasting
 - Level 3.2 Conjurations
 - Level 3.1 Translocations
 - Level 3.2 Air Magic
 - Level 3.2 Poison Magic
 - Level 2.5 Evocations


You had 8 spell levels left.
You knew the following spells:

 Your Spells              Type           Power        Failure   Level  Hunger
a - Blink                 Tloc           N/A          4%          2    ###....
b - Mephitic Cloud        Conj/Pois/Air  ##......     9%          3    ###....

Your spell library contained the following spells:

 Spells                   Type           Power        Failure   Level  Hunger
 Magic Dart               Conj           ##..         2%          1    #......
 Animate Skeleton         Necr           N/A          11%         1    #......
 Pain                     Necr           #...         11%         1    #......
 Call Imp                 Summ           #.......     16%         2    ###....
 Slow                     Hex            #.......     16%         2    ###....
 Conjure Flame            Conj/Fire      #.......     16%         3    ###....
 Vampiric Draining        Necr           #.........   30%         3    ###....
 Animate Dead             Necr           N/A          67%         4    #####..
 Agony                    Necr           #.......     94%         5    ######.


Dungeon Overview and Level Annotations

Branches:
Dungeon (10/15)            Temple (0/1) D:4            Lair (0/6) D:9
    Orc: D:9-12

Altars:
Elyvilon
Kikubaaqudgha
Nemelex Xobeh
Okawaru
Qazlal
Ru
Sif Muna
Uskayaw
Wu Jian
Yredelemnul

Annotations:
D:4 3 runed translucent doors, Kono's ghost, amateur GrMo
D:8 3 runed translucent doors, PigKeeper's ghost, novice TrWz


Innate Abilities, Weirdness & Mutations

You have a pair of antennae on your head.
You are completely covered in iridescent scales. (AC +6)
You are very robust. (+20% HP)
You are partially covered in sharp spines.
You are immune to rotting.
You have sharp fingernails.
You have sharp toenails.
Your mind is acute. (Int +2)
Your flesh is cold resistant. (rC+)
Your flesh is very heat resistant. (rF++)
You are resistant to hostile enchantments. (MR+)
You rapidly evolve.


Message History

The wolf bites you but does no damage.
You hit the wolf but do no damage. You claw the wolf, but do no damage.
The wolf is lightly wounded.
The wolf closely misses you.
Okay, then.
It was a potion of ambrosia.
You are confused.
You feel invigorated.
Xom thinks this is hilarious!
The wolf completely misses you. The wolf misses you.
The wolf is struck by your spines. The wolf bites you.
* * * LOW HITPOINT WARNING * * *
You feel less invigorated.
You feel less confused. The wolf is struck by your spines. The wolf bites you!
* * * LOW HITPOINT WARNING * * *
The wolf closely misses you. The wolf bites you.
You die...
Xom laughs nastily!

##### ##...####
#.÷.....# ##.###..#
##.###.# #.###.#
###.##.# #.(.##@#
#)○.##h#
#...##h################
######...÷.g...........
#..................
############.###### .#
.g { {{{.


You could see 2 wolves.

Vanquished Creatures
  A komodo dragon (D:9)
  A troll (D:9)
  A hippogriff (D:9)
  A wyvern (D:8)
  Grum (D:10)
  A hungry ghost (D:8)
  Menkaure (D:5)
  Edmund (D:5)
  An orc warrior (D:10)
  An ice beast (D:6)
  3 sky beasts
  4 ogres
  A necrophage (D:8)
  A centaur (D:7)
  2 wolves (D:10)
  4 bullfrogs
  3 scorpions (D:8)
  3 killer bees (D:9)
  4 wights (D:7)
  2 howler monkeys (D:5)
  A crimson imp (D:5)
  A hound (D:4)
  3 orc priests
  A centaur skeleton (D:5)
  Jessica (D:2)
  A bullfrog skeleton (D:7)
  Ijyb (D:5)
  Terence (D:2)
  4 orc wizards
  5 worker ants
  A killer bee zombie (D:10)
  Robin (D:3)
  A howler monkey skeleton (D:5)
  3 gnolls
  8 adders
  2 shadow imps
  An ooze (D:1)
  An adder skeleton (D:4)
  6 worms
  2 dart slugs (D:1)
  A leopard gecko (D:3)
  17 orcs
  A giant cockroach (D:2)
  15 goblins
  12 hobgoblins
  10 jackals
  4 quokkas
  A ball python (D:3)
  4 bats
  8 frilled lizards
  9 kobolds
  2 quokka skeletons
  7 rats
  A plant (D:9)
174 creatures vanquished.

Vanquished Creatures (collateral kills)
  An orc warrior (D:6)
  An orc wizard (D:6)
  An orc (D:6)
3 creatures vanquished.

Vanquished Creatures (others)
  An orc (D:8)
  A plant (D:9)
2 creatures vanquished.

Grand Total: 179 creatures vanquished

Notes
Turn   | Place    | Note
-------+----------+-------------------------------------------
     0 | D:1      | gruber the Demonspawn Chaos Knight began the quest for the
                  | Orb.
     0 | D:1      | Reached XP level 1. HP: 18/18 MP: 1/1
   146 | D:1      | Gained mutation: You are partially covered in iridescent
                  | scales. (AC +2) [demonic ancestry]
   146 | D:1      | Reached XP level 2. HP: 14/24 MP: 2/2
   638 | D:1      | XOM: noise
   844 | D:1      | Gained mutation: You are immune to rotting. [demonic
                  | ancestry]
   844 | D:1      | Reached XP level 3. HP: 28/29 MP: 3/3
   978 | D:2      | Noticed Jessica
   982 | D:2      | Killed Jessica
   987 | D:2      | Found a white marble altar of Elyvilon.
  1019 | D:2      | Found an iron altar of Okawaru.
  1021 | D:2      | Noticed Terence
  1042 | D:2      | Killed Terence
  1042 | D:2      | Reached XP level 4. HP: 27/35 MP: 4/4
  1211 | D:2      | XOM: 1-stop teleportation journey
  1784 | D:3      | Reached skill level 4 in Fighting
  1886 | D:3      | XOM: polymorph gnoll -> jackal
  1897 | D:3      | Gained mutation: You are mostly covered in iridescent
                  | scales. (AC +4) [demonic ancestry]
  1897 | D:3      | Reached XP level 5. HP: 36/43 MP: 5/5
  1904 | D:3      | Noticed Robin
  1914 | D:3      | XOM: stat loss: -1 Dex (17/18)
  1915 | D:3      | Killed Robin
  2345 | D:3      | XOM: summons 1 hostile demon
  2396 | D:2      | Reached skill level 5 in Fighting
  2576 | D:3      | XOM: god gift: 8 javelins
  2642 | D:3      | XOM: cloud trail
  3095 | D:4      | XOM: silly message
  3138 | D:4      | XOM: noise
  3248 | D:4      | XOM: divination: detect items
  3268 | D:4      | Gained mutation: You are partially covered in sharp spines.
                  | [demonic ancestry]
  3268 | D:4      | Reached XP level 6. HP: 45/51 MP: 6/6
  3290 | D:4      | XOM: 9-stop teleportation journey
  3312 | D:4      | Found a runed translucent gate.
  3312 | D:4      | Found a runed translucent gate.
  3312 | D:4      | Found a runed translucent gate.
  3313 | D:4      | Identified the +11 dagger of the Living Dead {drain, rN+
                  | Str+3}
  3313 | D:4      | Noticed Kono's ghost (amateur GrMo)
  3612 | D:4      | Found a staircase to the Ecumenical Temple.
  3746 | D:5      | Entered Level 5 of the Dungeon
  3795 | D:5      | Noticed Edmund
  3808 | D:5      | XOM: noise
  3810 | D:5      | Noticed Menkaure
  3811 | D:5      | XOM: cast spell 'Leda's Liquefaction'
  3822 | D:5      | XOM: enchant monster (bad)
  3826 | D:5      | Killed Edmund
  3826 | D:5      | Reached skill level 6 in Fighting
  3829 | D:5      | Killed Menkaure
  3829 | D:5      | Reached skill level 7 in Fighting
  3932 | D:4      | XOM: noise
  4047 | D:5      | XOM: potion effect (heal wounds)
  4052 | D:5      | Gained mutation: You have a pair of small antennae on your
                  | head. [demonic ancestry]
  4052 | D:5      | Reached XP level 7. HP: 60/60 MP: 7/7
  4099 | D:5      | XOM: potion effect (heal wounds)
  4105 | D:5      | XOM: silly message
  4128 | D:5      | Reached skill level 8 in Fighting
  4176 | D:5      | Noticed Ijyb
  4188 | D:5      | XOM: divination: magic mapping
  4207 | D:5      | Killed Ijyb
  4516 | D:5      | XOM: confuse monster(s)
  4625 | D:6      | Found a sacrificial altar of Ru.
  4633 | D:6      | Reached skill level 9 in Fighting
  4745 | D:6      | Reached skill level 1 in Dodging
  4745 | D:6      | Reached skill level 1 in Evocations
  4745 | D:6      | Gained mutation: You are completely covered in iridescent
                  | scales. (AC +6) [demonic ancestry]
  4745 | D:6      | Reached XP level 8. HP: 71/71 MP: 8/8
  4793 | D:6      | Found a shimmering blue altar of Sif Muna.
  5584 | D:6      | XOM: give mutations
  5584 | D:6      | Gained mutation: Your flesh is cold resistant. (rC+) [Xom's
                  | grace]
  5584 | D:6      | Gained mutation: You have sharp toenails. [Xom's grace]
  5584 | D:6      | Gained mutation: You are resistant to hostile enchantments.
                  | (MR+) [Xom's grace]
  5887 | D:7      | XOM: scenery: 1 doors open, 1 doors close
  5895 | D:7      | XOM: enchant monster (good)
  5902 | D:7      | XOM: 3-stop teleportation journey
  6068 | D:7      | XOM: god gift: 3 scrolls labeled VOANIC COETO {god gift}
  6415 | D:7      | Reached skill level 5 in Dodging
  6415 | D:7      | XOM: cleaving
  6416 | D:7      | XOM: enchant monster (good)
  6510 | D:7      | XOM: give mutations
  6510 | D:7      | Gained mutation: Your flesh is heat resistant. (rF+) [Xom's
                  | grace]
  6510 | D:7      | Gained mutation: Your mind is acute. (Int +2) [Xom's grace]
  6510 | D:7      | Gained mutation: You are robust. (+10% HP) [Xom's grace]
  6510 | D:7      | Gained mutation: Your flesh is very heat resistant. (rF++)
                  | [Xom's grace]
  6551 | D:7      | XOM: divination: magic mapping
  6895 | D:8      | XOM: divination: magic mapping
  6900 | D:8      | XOM: enchant monster (bad)
  6901 | D:8      | XOM: enchant monster (good)
  6904 | D:8      | Mutation became permanent: You are robust. (+10% HP)
                  | [demonic ancestry]
  6904 | D:8      | Gained mutation: You are robust. (+10% HP) [demonic
                  | ancestry]
  6904 | D:8      | Reached XP level 9. HP: 57/83 MP: 10/10
  7048 | D:8      | XOM: confuse monster(s)
  7052 | D:8      | XOM: noise
  7083 | D:8      | Learned a level 2 spell: Blink
  7087 | D:8      | Learned a level 3 spell: Mephitic Cloud
  7342 | D:8      | Found a hide-covered altar of Uskayaw.
  7362 | D:8      | Found an ornate altar of the Wu Jian Council.
  7372 | D:8      | Reached skill level 1 in Conjurations
  7372 | D:8      | Reached skill level 1 in Translocations
  7372 | D:8      | Reached skill level 1 in Air Magic
  7372 | D:8      | Reached skill level 1 in Poison Magic
  7438 | D:8      | Found a runed translucent gate.
  7439 | D:8      | Found a runed translucent gate.
  7440 | D:8      | Found a runed translucent gate.
  7442 | D:8      | Noticed PigKeeper's ghost (novice TrWz)
  7474 | D:8      | XOM: give mutations
  7474 | D:8      | Gained mutation: You have sharp fingernails. [Xom's grace]
  7474 | D:8      | Gained mutation: You are very robust. (+20% HP) [Xom's
                  | grace]
  7474 | D:8      | Gained mutation: You evolve. [Xom's grace]
  7474 | D:8      | Gained mutation: You have a pair of antennae on your head.
                  | [Xom's grace]
  7506 | D:8      | XOM: god gift: 26 gold pieces
  7640 | D:8      | Found a sparkling altar of Nemelex Xobeh.
  7643 | D:8      | Found an ancient bone altar of Kikubaaqudgha.
  7644 | D:8      | Found a basalt altar of Yredelemnul.
  7873 | D:9      | XOM: 2-stop teleportation journey
  8005 | D:9      | XOM: divination: magic mapping
  8008 | D:9      | XOM: noise
  8012 | D:9      | Noticed a troll
  8017 | D:9      | XOM: silly message
  8024 | D:9      | Killed a troll
  8291 | D:9      | Found a stormy altar of Qazlal.
  8453 | D:9      | XOM: noise
  8556 | D:9      | Found a staircase to the Lair.
  8557 | D:9      | Noticed a komodo dragon
  8620 | D:9      | Killed a komodo dragon
  8679 | D:9      | Gained mutation: You rapidly evolve. [evolution]
  8830 | D:10     | Entered Level 10 of the Dungeon
  8831 | D:10     | XOM: confusion
  8863 | D:10     | XOM: 2-stop teleportation journey
  9180 | D:10     | Noticed Grum
  9189 | D:10     | XOM: confusion
  9198 | D:10     | Reached skill level 1 in Spellcasting
  9206 | D:10     | XOM: summons 3 hostile demons
  9207 | D:10     | Noticed an orange demon
  9209 | D:10     | Killed Grum
  9209 | D:10     | Reached XP level 10. HP: 70/99 MP: 10/12
  9219 | D:10     | XOM: confusion
  9243 | D:10     | HP: 4/99 [wolf[Grum] (11)]
  9244 | D:10     | Slain by a wolf

Illustrated notes

Levels and vault maps discovered:
D:1:      lemuel_arrival_broad_hall, layout_loops_corners
D:2:      layout_rooms, lemuel_crystal_altar, overflow_temple_1_default,
          first_ration, uniq_jessica, uniq_terence
D:3:      layout_basic, uniq_robin
D:4:      layout_cave_pods, minmay_temple_entry_trees,
          gammafunk_ghost_nasty_kobolds
D:5:      layout_basic, minmay_chambers_of_fives, uniq_ijyb, uniq_edmund,
          uniq_menkaure
D:6:      layout_rooms, kennysheep_mini_moat, nicolae_ru_sacrificial_ziggurat
D:7:      layout_gridville
D:8:      corexii_shack_village, layout_rooms, old_standard_altar,
          grunt_temple_overflow_open, ebering_ghost_rock_garden
D:9:      layout_loops_cross, grunt_qazlal_clouds, david_lair_shrubbed
D:10:     layout_long_grid, grunt_ogre_cave, minmay_diamond_spiral,
          uniq_josephine, uniq_grum

Skill      XL: |  1  2  3  4  5  6  7  8  9 10 |
---------------+-------------------------------+-----
Short Blades   | 3 4 |  4.3
Fighting       | 4 5 7 9 |  9.0
Dodging        | 1 6 7 |  7.0
Evocations     | 1 2 |  2.5
Conjurations   | 3 |  3.2
Translocations | 3 |  3.1
Air Magic      | 3 |  3.2
Poison Magic   | 3 |  3.2
Spellcasting   | 1 2 |  2.1
Armour         | |  1.7

Action                   |  1- 3 |  4- 6 |  7- 9 | 10-12 || total
-------------------------+-------+-------+-------+-------++-------
Melee: Short sword       |    99 |   196 |   357 |    29 ||   681
       Kick              |       |       |    96 |    13 ||   109
Throw: Javelin           |       |     4 |       |       ||     4
Evoke: Wand              |       |     4 |     3 |       ||     7
  Use: Scroll            |       |       |     2 |       ||     2
       Potion            |       |       |       |     2 ||     2
 Stab: Sleeping          |     3 |     1 |     1 |       ||     5
       Paralysed         |     1 |       |     2 |       ||     3
       Petrified         |     5 |     3 |       |       ||     8
       Petrifying        |     1 |     1 |       |     2 ||     4
       Distracted        |       |     1 |     1 |       ||     2
       Confused          |       |       |     1 |       ||     1
  Eat: Chunk             |       |     9 |    11 |       ||    20
       Ration            |       |       |     2 |       ||     2
Armor: Leather armour    |    36 |    63 |    90 |     8 ||   197
Dodge: Dodged            |    46 |    88 |   177 |    35 ||   346
